 Dungeon Crawl Stone Soup version 0.31-a0-1238-g0d9d05a (webtiles) character file.

Game seed: 14727504784270982726

2046821 Kearsarge the Phalangite (level 25, 284/284 HPs)
             Began as a Merfolk Fighter on Dec 15, 2023.
             Was an Initiate of Gozag.
             Escaped with the Orb
             ... and 3 runes!
             The game lasted 01:23:29 (45007 turns).

Kearsarge the Phalangite (Merfolk Fighter)         Turns: 45007, Time: 01:23:29

Health: 284/284    AC: 43    Str: 25    XL:     25   Next: 85%
Magic:  32/32      EV: 28    Int:  9    God:    Gozag
Gold:   3317       SH: 38    Dex: 20    Spells: 24/24 levels left

rFire   + + +        u - +8 trishula "Condemnation" {holy, anguish, *Noise Fly rN+}
rCold   + + .        V - +7 tower shield {AC+3}
rNeg    + + +        (body armour currently unavailable)
rPois   ∞            a - +2 hat {Will+}
rElec   +            m - scarf of a volcano {rC+ rF+, rN++}
rCorr   +            (gloves currently unavailable)
SInv    +            (boots currently unavailable)
Will    ++...        Y - brooch of Shielding {Spirit SH+8}
Stlth   +            N - ring of False Pretenses {+Blink rC+ rCorr Dex+3 SInv}
HPRegen 0.67/turn    E - ring of Xudimoff {rElec rF++ MP+9 Slay+4}
MPRegen 0.23/turn

%: clarity, guardian spirit
@: statue-form, flying, studying 2 skills, very slow
A: slow and powerful, torment resistance 1, boosted hp, (nimble swimmer 2),
mertail, thin skeletal structure 1, clarity, deterioration 1
0: Orb of Zot
}: 3/15 runes: serpentine, barnacled, silver
a: Begin Untransformation, Renounce Religion, Evoke Blink, Potion Petition, Call
Merchant, Bribe Branch


You escaped.
You worshipped Gozag.
Gozag was most pleased with you.
You were a living statue of rough stone.
You visited 10 branches of the dungeon, and saw 48 of its levels.
You also visited: Ossuary and Bailey.

You collected 24716 gold pieces.
You spent 3894 gold pieces at shops.
You paid 17505 gold pieces to Gozag.

Inventory:

Hand Weapons
 u - the +8 trishula "Condemnation" (weapon) {holy, anguish, *Noise Fly rN+}
   (You took it off a deep elf demonologist on level 3 of the Elven Halls)

   rN+:       It protects you from negative energy.
   Fly:       It grants you flight.
   *Noise:    It may make a loud noise when swung.
 Q - the +9 demon trident of Tiocw {freeze, Str+3}
   (You acquired it on level 1 of the Snake Pit)

   Str+3:     It affects your strength (+3).
Missiles
 x - 10 throwing nets
Armour
 a - a +2 hat of willpower (worn)
 m - the scarf of a volcano (worn) {rC+ rF+, rN++}
   (You bought it in a shop on level 7 of the Dungeon)

   rN++:      It greatly protects you from negative energy.
 I - the +1 buckler of the Rose {Regen+}
   (You acquired it in a bailey)

   Regen+:    It increases your rate of health regeneration.
 V - a +7 tower shield of protection (worn)
Jewellery
 o - a ring of see invisible
 w - a ring of positive energy
 C - a ring of flight
 E - the ring of Xudimoff (right fist) {rElec rF++ MP+9 Slay+4}
   (You acquired it on level 7 of the Dungeon)

   [ring of slaying]

   Slay+4:    It affects your accuracy & damage with ranged weapons and melee
   (+4).
   rF++:      It greatly protects you from fire.
   rElec:     It insulates you from electricity.
   MP+9:      It affects your magic capacity (+9).
 N - the ring of False Pretenses (left fist) {+Blink rC+ rCorr Dex+3 SInv}
   (You bought it in a shop on level 3 of the Elven Halls)

   [ring of protection from cold]

   Dex+3:     It affects your dexterity (+3).
   rC+:       It protects you from cold.
   SInv:      It lets you see invisible.
   +Blink:    It lets you blink.
   rCorr:     It protects you from acid and corrosion.
 Y - the brooch of Shielding (around neck) {Spirit SH+8}
   (You took it off a deep elf blademaster on level 3 of the Elven Halls)

   [amulet of guardian spirit]

   Spirit:    It causes incoming damage to be divided between your reserves of
   health and magic.
   SH+8:      It affects your SH (+8).
Talismans
 l - a granite talisman (active)
Wands
 d - a wand of roots (55)
 i - a wand of polymorph (18)
 y - a wand of acid (28)
 R - a wand of paralysis (28)
 U - a wand of mindburst (24)
 W - a wand of flame (44)
Scrolls
 b - 13 scrolls of teleportation
 e - 9 scrolls of vulnerability
 h - 5 scrolls of butterflies
 p - 5 scrolls of torment
 q - 8 scrolls of fog
 A - 4 scrolls of brand weapon
 F - 5 scrolls of noise
 J - 4 scrolls of immolation
 K - a scroll of blinking
 L - 3 scrolls of poison
 O - 4 scrolls of fear
 S - 5 scrolls of enchant weapon
 T - 2 scrolls of amnesia
Potions
 c - a potion of invisibility
 f - 4 potions of enlightenment
 g - 3 potions of might
 k - 6 potions of brilliance
 n - 22 potions of curing
 r - 7 potions of ambrosia
 s - 4 potions of haste
 t - 9 potions of heal wounds
 v - 8 potions of magic
 z - 7 potions of cancellation
 B - 4 potions of berserk rage
 D - 9 potions of attraction
 H - 12 potions of mutation
 M - 3 potions of lignification
 P - 2 potions of resistance
Miscellaneous
 j - a tin of tremorstones (2/2)
 G - a lightning rod (4/4)
 Z - a phantom mirror


   Skills:
 - Level 22.7 Fighting
 - Level 26.4 Polearms
 - Level 2.1 Armour
 + Level 22.4 Dodging
 * Level 21.0 Shields
 - Level 25.0 Shapeshifting


You had 24 spell levels left.
You didn't know any spells.
Your spell library contained the following spells:

 Spells                   Type           Power      Damage    Failure   Level
 Foxfire                  Conj/Fire      0%         2x1d4     52%         1
 Freeze                   Ice            0%         1d3       52%         1
 Kiss of Death            Conj/Necr      0%         2d5       52%         1
 Necrotise                Necr           0%         1d4       52%         1
 Sandblast                Erth           0%         2d4       52%         1
 Summon Small Mammal      Summ           0%         N/A       52%         1
 Blink                    Tloc           0%         N/A       67%         2
 Cigotuvi's Dreadful Rot  Necr/Pois/Air  0%         N/A       67%         2
 Lesser Beckoning         Tloc           0%         N/A       67%         2
 Momentum Strike          Conj/Tloc      0%         3d8       67%         2
 Passwall                 Tmut/Erth      0%         N/A       67%         2
 Wereblood                Tmut           0%         N/A       67%         2
 Call Canine Familiar     Summ           0%         N/A       88%         3
 Confusing Touch          Hex            0%         N/A       88%         3
 Frozen Ramparts          Ice            0%         1d1       88%         3
 Hailstorm                Conj/Ice       0%         3d5       88%         3
 Ignite Poison            Fire/Tmut/Pois 0%         N/A       88%         3
 Inner Flame              Hex/Fire       0%         N/A       88%         3
 Ozocubu's Armour         Ice            0%         N/A       88%         3
 Stone Arrow              Conj/Erth      0%         3d7       88%         3
 Summon Guardian Golem    Hex/Summ       0%         N/A       88%         3
 Tukima's Dance           Hex            0%         N/A       88%         3
 Vampiric Draining        Necr           0%         2d6       88%         3
 Anguish                  Hex/Necr       0%         N/A       99%         4
 Animate Armour           Summ/Erth      0%         N/A       99%         4
 Brom's Barrelling Bould  Conj/Erth      0%         2d3       99%         4
 Cause Fear               Hex            0%         N/A       99%         4
 Dimensional Bullseye     Hex/Tloc       0%         N/A       99%         4
 Dispel Undead            Necr           0%         3d6       99%         4
 Iskenderun's Mystic Bla  Conj/Tloc      0%         2d3       99%         4
 Leda's Liquefaction      Hex/Erth       0%         N/A       99%         4
 Manifold Assault         Tloc           0%         N/A       99%         4
 Passage of Golubria      Tloc           0%         N/A       99%         4
 Petrify                  Tmut/Erth      0%         N/A       99%         4
 Sticky Flame             Conj/Fire      0%         2d3       99%         4
 Summon Lightning Spire   Summ/Air       0%         N/A       99%         4
 Agony                    Necr           0%         N/A       100%        5
 Alistair's Intoxication  Tmut/Pois      0%         N/A       100%        5
 Borgnjor's Vile Clutch   Necr/Erth      0%         N/A       100%        5
 Fireball                 Conj/Fire      0%         3d3       100%        5
 Irradiate                Conj/Tmut      0%         3d11      100%        5
 Iskenderun's Battlesphe  Conj           0%         2d6       100%        5
 Lee's Rapid Deconstruct  Erth           0%         3d4*      100%        5
 Metabolic Englaciation   Hex/Ice        0%         N/A       100%        5
 Silence                  Hex/Air        0%         N/A       100%        5
 Yara's Violent Unravell  Hex/Tmut       0%         3d3       100%        5
 Bombard                  Conj/Erth      0%         9d1       100%        6
 Conjure Ball Lightning   Conj/Air       0%         3x3d6     100%        6
 Death Channel            Necr           0%         N/A       100%        6
 Eringya's Noxious Bog    Tmut/Pois      0%         4d6       100%        6
 Plasma Beam              Fire/Air       0%         2x1d10    100%        6
 Starburst                Conj/Fire      0%         6d3       100%        6
 Enfeeble                 Hex            0%         N/A       100%        7
 Malign Gateway           Summ/Tloc      0%         N/A       100%        7
 Orb of Destruction       Conj           0%         9d5       100%        7
 Ozocubu's Refrigeration  Ice            0%         4d7       100%        7
 Spellforged Servitor     Conj/Summ      0%         N/A       100%        7
 Discord                  Hex            0%         N/A       100%        8
 Disjunction              Tloc           0%         N/A       100%        8
 Ignition                 Fire           0%         3d3       100%        8
 Lehudib's Crystal Spear  Conj/Erth      0%         10d2      100%        8
 Summon Horrible Things   Summ           0%         N/A       100%        8
 Simulacrum               Ice/Necr       Unusable   N/A       N/A         6

Dungeon Overview and Level Annotations

Branches:
Dungeon (15/15)            Temple (1/1) D:7            Lair (5/5) D:10
 Shoals (4/4) Lair:2        Snake (4/4) Lair:2        Slime (0/5) Lair:5
    Orc (2/2) D:10            Elf (3/3) Orc:2        Vaults (5/5) D:14
  Crypt (0/3) Vaults:3     Depths (4/4) D:15            Zot (5/5) Depths:4
Ossuary (visited)          Bailey (visited)

Altars:
Ashenzari
Cheibriados
Dithmenos
Elyvilon
Fedhas
Gozag
Hepliaklqana
Kikubaaqudgha
Makhleb
Nemelex Xobeh
Okawaru
Qazlal
Ru
Sif Muna
Trog
Uskayaw
Vehumet
Wu Jian
Xom
Yredelemnul
Zin
The Shining One

Shops:
D:1 *   D:7 *   D:9 (   D:10 (   Orc:1 [=   Orc:2 ==([=   Elf:3 =(   Lair:2 [
Lair:5 (   Shoals:1 :   Shoals:4 =   Snake:1 [[   Vaults:1 !   Vaults:3 (
Vaults:5 *   Depths:2 ?

Portals:
Hell: Depths:2
Abyss: Depths:1 Depths:3
Pandemonium: Depths:2 Depths:3
Ziggurat: Depths:3

Annotations:
D:13 1 runed translucent door, Haresteo's ghost, journeyman TrSh
Elf:2 3 runed translucent doors
Zot:5 3 runed translucent doors, wqsa789's ghost, legendary HOFi


Innate Abilities, Weirdness & Mutations

You are a living statue of rough stone.
Your actions are slow, but your melee attacks are powerful.
You are resistant to unholy torment.
Your maximum health is greatly increased.
Your equipment is partially melded.
You are immune to poison.
((You are very nimble when in or above water. (Stealth+, EV+, Speed+++)))
Your lower body shifts to a powerful aquatic tail in water.
You have a somewhat thin skeletal structure. (Dex +2, Stealth+)
You possess an exceptional clarity of mind.
Your body sometimes deteriorates upon taking damage.


Message History

No target in view!
What level of the Dungeon? (default 1, ? - help) HP restored.
There is a stone staircase leading up here.
You fly upwards.
Magic restored.
There is a stone staircase leading down here.
There is a stone staircase leading up here.
You fly upwards.
There is a stone staircase leading down here.
An Orb Guardian comes into view.
You reach to attack!
You barely miss the Orb Guardian. You impale the Orb Guardian!!
The Orb Guardian is haunted by guilt!
The Orb Guardian is heavily wounded.
You block the Orb Guardian's attack.
You perforate the Orb Guardian like a sieve!!!
The Orb Guardian is almost dead.
The Orb Guardian completely misses you. You block the Orb Guardian's attack.
You impale the Orb Guardian!!
You kill the Orb Guardian!
No target in view!
No target in view!
What level of the Dungeon? (default 1, ? - help)
A shadow demon and a demonspawn corrupter come into view.
The demonspawn corrupter is wielding a +0 demon whip and wearing a +0 leather armour of fire resistance.
The shadow demon croaks.
The demonspawn corrupter shouts!
The shadow demon gestures.
The demonspawn corrupter calls forth creatures from the Abyss!
There is a stone staircase leading up here.
You fly upwards.
There is a stone staircase leading down here.
Blink to where?
Press: ? - help, Q - select action, (/) - cycle Dir - move target
As you read the scroll of blinking, it crumbles to dust.
Blink to where?
Press: ? - help, Q - select action, (/) - cycle Dir - move target
As you read the scroll of blinking, it crumbles to dust.
Blink to where?
Press: ? - help, Q - select action, (/) - cycle Dir - move target
As you read the scroll of blinking, it crumbles to dust.
You have escaped!

##...## #...... #..###
#...... #.## #####.. #.#
#.# #.#### ###### ######
#.#
#....####....####.§..##
#.#
#.....##......##.....)#
#.#
####..##..##..##..##..#
#.# #..##..#.8..#..##..#
#.#
#..##..#....#..##..#####.#
#..##..##..##..##..##....#
#......##......##.....####
##....####....####.§..#
###### ###### ######


There were no monsters in sight!

Vanquished Creatures
  An orb of fire (Zot:3)
  3 ancient liches
  A pandemonium lord (D:5)
  Vashnia (Snake:4)
  Bai Suzhen (Vaults:5)
  Nikola (Elf:3)
  4 golden dragons
  Norris (Elf:3)
  2 bone dragons (Depths:4)
  2 electric golems
  Zenata (Orc:2)
  A Brimstone Fiend (Depths:4)
  5 Orb Guardians
  5 tentacled monstrosities
  2 deep elf blademasters (Elf:3)
  2 titans
  3 quicksilver dragons
  2 liches
  Asterion (Snake:1)
  2 deep elf master archers (Elf:3)
  A kraken (Shoals:4)
  An ancient champion (Vaults:3)
  5 sphinxes
  3 death cobs
  3 shadow dragons
  9 tengu reavers
  Donald (Vaults:1)
  7 storm dragons
  Aizul (Elf:3)
  4 nagarajas
  10 fire giants
  7 frost giants
  A draconian shifter (Zot:1)
  A protean progenitor (Zot:3)
  8 vault wardens
  Louise (D:15)
  8 deep elf elementalists
  A ghost moth (Zot:5)
  9 deep elf sorcerers
  A demonspawn blood saint (D:9)
  27 ironbound preservers
  6 orc warlords
  A cacodemon (D:4)
  A broodmother (shapeshifter) (Vaults:5)
  11 very ugly things
  2 reapers
  2 draconian annihilators (Depths:4)
  A broodmother (Zot:3)
  4 deep elf demonologists (Elf:3)
  2 formless jellyfish
  3 vampire knights
  12 stone giants
  2 green draconians (Depths:4)
  7 ironbound thunderhulks
  2 lorocyprocas
  2 black draconians
  2 white draconians
  2 purple draconians
  6 deep elf annihilators
  2 red draconians
  3 yellow draconians
  8 dire elephants (Vaults:1)
  An eidolon (Vaults:3)
  4 deep elf death magi
  4 fire dragons
  11 ettins
  5 merfolk javelineers
  An entropy weaver (Vaults:2)
  2 blizzard demons
  6 merfolk impalers
  8 yaktaur captains
  3 jiangshi (D:15)
  3 rakshasas
  3 deep elf high priests
  Harold (D:9)
  A salamander tyrant (Snake:4)
  4 great orbs of eyes
  3 ice dragons
  A peacekeeper (Vaults:3)
  18 vault guards
  7 ironbound frosthearts
  A two-headed ogre (shapeshifter) (Depths:4)
  An alligator (Lair:1)
  7 boulder beetles
  8 hydras
  A sphinx zombie (Vaults:5)
  3 two-headed ogres
  2 catoblepae
  22 centaur warriors
  7 ogre magi
  4 merfolk avatars
  11 anacondas
  3 alligator snapping turtles
  4 satyrs
  8 dancing weapons
  A merfolk aquamancer (Shoals:4)
  3 tengu warriors
  10 naga warriors
  8 deep troll earth magi
  2 death yaks (Lair:1)
  7 deep troll shamans
  2 vampire magi
  8 naga sharpshooters
  2 soul eaters (Depths:3)
  4 orc high priests (Orc:2)
  A spriggan (Depths:1)
  9 hell knights
  5 deep elf knights
  4 spriggan berserkers (D:15)
  12 shock serpents
  A fire crab (Orc:2)
  Amaemon (Lair:1)
  3 skeletal warriors (D:13)
  A skyshark (shapeshifter) (Vaults:5)
  5 iron trolls
  A sixfirhy (D:4)
  2 sun demons (D:5)
  4 skysharks (Elf:3)
  A shadow wraith (Vaults:4)
  A titan skeleton (Vaults:5)
  9 salamander mystics
  A flayed ghost (Vaults:5)
  An orb spider (shapeshifter) (D:15)
  2 glowing orange brains
  A swamp dragon (Lair:5)
  9 sea snakes
  A kraken simulacrum (Shoals:4)
  A shadow demon (Depths:3)
  78 deep trolls
  10 arcanists
  12 orc knights
  4 phantasmal warriors
  7 lindwurms (Vaults:2)
  4 naga ritualists
  13 ironbound convokers
  9 deep elf archers
  6 necromancers
  11 mana vipers
  16 deep elf zephyrmancers
  A harpy (shapeshifter) (D:13)
  12 fauns
  17 harpies
  21 deep elf pyromancers
  An iron dragon zombie (Depths:1)
  38 ugly things
  A wolf spider (Lair:5)
  12 cyclopes
  A manticore (shapeshifter) (Depths:4)
  A stone giant zombie (Vaults:5)
  10 manticores
  2 cyclopes (shapeshifter)
  4 orc sorcerers
  A tengu skeleton (Vaults:4)
  7 moths of wrath
  17 salamanders
  5 guardian serpents
  8 kobold blastminers (Orc:2)
  A guardian serpent (shapeshifter) (Vaults:5)
  A black mamba (shapeshifter) (Elf:1)
  A smoke demon (Depths:1)
  19 vault sentinels
  Joseph (D:10)
  2 human skeletons (Vaults:4)
  32 black mambas
  3 merfolk sirens
  13 cane toads
  6 elephants
  5 orange demons
  6 gargoyles
  20 naga magi
  2 water nymphs
  A cane toad (shapeshifter) (D:13)
  An elf skeleton (Vaults:1)
  2 ice statues (D:14)
  A torpor snail (Lair:2)
  11 komodo dragons
  4 efreet
  4 unseen horrors
  3 freezing wraiths
  Maggie (Lair:1)
  21 yaktaurs
  A komodo dragon (shapeshifter) (D:13)
  6 rime drakes
  An ice devil (Depths:4)
  3 tengu conjurers
  A troll (shapeshifter) (D:10)
  19 merfolk
  A meliai (shapeshifter) (D:14)
  3 meliai (D:13)
  2 polar bears (Lair:4)
  12 trolls
  5 wind drakes
  26 blink frogs
  7 hornets
  12 snapping turtles
  A glass eye (Depths:4)
  A wolf spider simulacrum (D:15)
  7 dream sheep
  A fire giant simulacrum (Depths:1)
  42 slime creatures
  4 air elementals
  3 wraiths
  9 water elementals
  A shadow (D:11)
  A ynoxinul (Zot:1)
  6 fire elementals
  2 alligator snapping turtle simulacra (Shoals:4)
  73 yaks
  Grum (D:10)
  2 vampires
  5 humans (D:14)
  A spriggan simulacrum (Depths:1)
  18 wyverns
  A neqoxec (D:5)
  13 basilisks
  5 redbacks (Lair:5)
  A sea snake simulacrum (Shoals:4)
  An unseen horror simulacrum (D:9)
  A death yak simulacrum (Shoals:4)
  4 vampire mosquitoes
  4 harpy simulacra (Shoals:4)
  61 nagas
  4 acid dragons
  2 glowing shapeshifter zombies
  24 water moccasins
  9 wargs
  58 orc warriors
  A sky beast (D:7)
  A swamp drake (Lair:5)
  2 black bears
  A satyr simulacrum (Shoals:4)
  7 boggarts
  37 wolves
  14 ogres
  8 centaurs
  A phantom (D:6)
  13 bullfrogs
  A kobold brigand (D:9)
  2 earth elementals
  2 gnoll sergeants
  3 scorpions
  2 merfolk simulacra (Shoals:4)
  25 wights
  4 manticore simulacra (Shoals:4)
  A snapping turtle simulacrum (Shoals:4)
  7 electric eels
  8 howler monkeys
  2 lava snakes
  2 hounds
  2 jellies
  40 orc priests
  3 cyclops simulacra (Shoals:4)
  Jessica (D:2)
  A hell rat (Lair:1)
  3 iguanas
  22 orc wizards
  Terence (D:2)
  4 centaur simulacra
  3 mummies (Ossuary)
  Robin (D:3)
  A howler monkey zombie (D:9)
  18 gnolls
  8 adders
  2 shadow imps
  A white imp (D:6)
  2 ufetubi (D:5)
  6 adder zombies (Ossuary)
  3 worms
  5 dart slugs
  117 orcs
  10 bats
  2 endoplasms
  A giant cockroach (D:2)
  18 goblins
  11 hobgoblins
  10 quokkas
  7 ball pythons
  2 frilled lizards (D:3)
  3 goblin zombies (Ossuary)
  A hobgoblin zombie (Ossuary)
  16 kobolds
  3 kobold zombies (Ossuary)
  An orc zombie (Ossuary)
  2 quokka zombies (Ossuary)
  8 rats
  2 rat zombies (Ossuary)
  An aspiring flesh (Zot:3)
  2 tentacles (Shoals:4)
1965 creatures vanquished.

Vanquished Creatures (collateral kills)
  2 Killer Klowns (Zot:5)
  A golden dragon (Zot:5)
  A titan (Vaults:5)
  8 Orb Guardians (Zot:5)
  2 quicksilver dragons
  A storm dragon (Zot:5)
  A war gargoyle (Vaults:5)
  A green draconian (Zot:5)
  A deep elf annihilator (Vaults:5)
  A deep elf high priest (Vaults:5)
  6 vault guards (Vaults:5)
  A glowing orange brain (shapeshifter) (Vaults:5)
  An ironbound convoker (Vaults:5)
  2 moths of wrath (Zot:5)
  A vault sentinel (Vaults:5)
30 creatures vanquished.

Vanquished Creatures (others)
  A dread lich (Zot:5)
  2 ancient liches
  An orb of fire (Zot:2)
  Sojobo (Depths:2)
  A Killer Klown (Zot:5)
  A Brimstone Fiend (Depths:2)
  A tentacled monstrosity (Zot:5)
  A quicksilver dragon (Zot:5)
  7 Orb Guardians (Zot:5)
  2 titans (Vaults:5)
  A storm dragon (Vaults:5)
  A shadow dragon (Vaults:5)
  Frances (D:13)
  A tengu reaver (Vaults:5)
  A protean progenitor (Zot:3)
  A fire giant (Depths:3)
  A draconian monk (Zot:5)
  A frost giant (D:15)
  A balrug (D:5)
  2 vault wardens (Vaults:5)
  A draconian scorcher (Zot:5)
  A deep elf elementalist (Elf:3)
  An orc warlord (Vaults:3)
  A draconian stormcaller (Zot:5)
  2 stone giants (Vaults:5)
  A war gargoyle (Vaults:3)
  A black draconian (Zot:5)
  A deep elf demonologist (Vaults:5)
  A deep elf annihilator (Vaults:5)
  2 yellow draconians (Zot:5)
  A purple draconian (Zot:5)
  A fire dragon (D:15)
  2 ettins (Vaults:5)
  2 deep elf high priests (Vaults:5)
  3 yaktaur captains (Vaults:5)
  A great orb of eyes (Vaults:1)
  12 vault guards (Vaults:5)
  2 ironbound frosthearts
  A boulder beetle (D:14)
  A vampire mage (Depths:4)
  An iron troll (Depths:1)
  3 deep trolls
  2 lindwurms (Vaults:1)
  An orc knight (Vaults:1)
  An ironbound convoker (Vaults:5)
  A manticore (D:14)
  A vault sentinel (Vaults:5)
  A merfolk (Shoals:3)
  A hornet (Vaults:5)
  A human (D:14)
  An orc (Orc:2)
  A spectral weapon (Vaults:5)
  14 tentacles (Shoals:4)
96 creatures vanquished.

Grand Total: 2091 creatures vanquished

Notes
Turn   | Place    | Note
-------+----------+-------------------------------------------
     0 | D:1      | Kearsarge the Merfolk Fighter began the quest for the Orb.
     0 | D:1      | Reached XP level 1. HP: 18/18 MP: 1/1
    48 | D:1      | Reached skill level 3 in Polearms
    61 | D:1      | Found Ughen's General Store.
    95 | D:1      | Reached XP level 2. HP: 24/24 MP: 2/2
   450 | D:1      | Reached skill level 4 in Polearms
   477 | D:1      | Reached XP level 3. HP: 30/30 MP: 3/3
   499 | D:1      | Found a faded altar of an unknown god.
   507 | D:1      | Got Plato's Tractate on Percussion
   589 | D:2      | Noticed Terence
   611 | D:2      | Killed Terence
   763 | D:2      | Identified the +1 robe "Rujuhul" {^Contam rPois Regen+
                  | Slay-2}
   861 | D:2      | Reached XP level 4. HP: 37/37 MP: 4/4
   885 | D:2      | Reached skill level 5 in Polearms
   885 | D:2      | Noticed Jessica
   905 | D:2      | Killed Jessica
  1275 | D:3      | Reached XP level 5. HP: 39/43 MP: 5/5
  1346 | D:3      | Found a stormy altar of Qazlal.
  1372 | D:3      | Found an ancient bone altar of Kikubaaqudgha.
  1380 | D:3      | Found a shimmering blue altar of Sif Muna.
  1382 | D:3      | Found a bloodstained altar of Trog.
  1383 | D:3      | Found a radiant altar of Vehumet.
  1386 | D:3      | Found a shimmering altar of Xom.
  1390 | D:3      | Found a broken altar of Ashenzari.
  1416 | D:3      | Noticed Robin
  1445 | D:3      | Killed Robin
  1446 | D:3      | Reached skill level 6 in Polearms
  1651 | D:3      | Noticed Sigmund
  1662 | D:3      | Noticed Sigmund
  1664 | D:3      | Killed Sigmund the dart slug
  1713 | D:3      | Reached skill level 5 in Fighting
  1713 | D:3      | Reached XP level 6. HP: 51/51 MP: 6/6
  2078 | D:4      | Identified the +1 robe of the Peculiar Friars {rC+ Regen+}
  2310 | D:4      | Reached skill level 7 in Polearms
  2585 | D:4      | Reached XP level 7. HP: 58/58 MP: 7/7
  2669 | D:5      | Entered Level 5 of the Dungeon
  2699 | D:5      | Reached skill level 8 in Polearms
  2721 | D:5      | Found an ornate altar of the Wu Jian Council.
  3238 | D:6      | Reached skill level 9 in Polearms
  3238 | D:6      | Reached XP level 8. HP: 67/67 MP: 8/8
  3409 | D:6      | Noticed a yak
  3410 | D:6      | Noticed a yak
  3411 | D:6      | Noticed a yak
  3428 | D:6      | Killed a yak
  3429 | D:6      | Reached skill level 10 in Polearms
  3429 | D:6      | Noticed a yak
  3433 | D:6      | Killed a yak
  3441 | D:6      | Killed a yak
  3443 | D:6      | Killed a yak
  3444 | D:6      | Reached skill level 11 in Polearms
  3444 | D:6      | Reached XP level 9. HP: 67/76 MP: 9/9
  3978 | D:7      | Killed an unseen horror
  3979 | D:7      | Reached skill level 10 in Fighting
  3979 | D:7      | Reached skill level 12 in Polearms
  4010 | D:7      | Found Voytumip's Neck Hole.
  4261 | D:7      | Found a sand-covered staircase.
  4269 | Ossuary  | Entered an ossuary
  4441 | Ossuary  | Identified 2 scrolls of acquirement
  4448 | D:7      | Acquired the ring of Xudimoff {rElec rF++ MP+9 Slay+4}
  4454 | D:7      | Acquired 540 gold pieces
  4526 | D:7      | Bought the scarf of a volcano {rC+ rF+, rN++} for 617 gold
                  | pieces
  4613 | D:7      | Found a staircase to the Ecumenical Temple.
  4663 | Temple   | Entered the Ecumenical Temple
  4672 | Temple   | Became a worshipper of Gozag Ym Sagoz the Greedy
  4781 | D:8      | Found a sparkling altar of Nemelex Xobeh.
  4926 | D:8      | Reached skill level 13 in Polearms
  4930 | D:8      | Reached XP level 10. HP: 86/86 MP: 10/10
  4993 | D:8      | Found a flagged portal.
  5025 | Bailey   | Entered a bailey
  5030 | Bailey   | Noticed an orc warlord
  5144 | Bailey   | Acquired the +1 buckler of the Rose {Regen+}
  5150 | Bailey   | Found a runed translucent gate.
  5153 | Bailey   | Found a runed translucent gate.
  5154 | Bailey   | Found a runed translucent gate.
  5287 | Bailey   | Killed an orc warlord
  5376 | Bailey   | Identified the +1 leather armour of the Swan {rC+++ MP+9
                  | Str-4 Dex+4}
  5394 | D:8      | Acquired a manual of Armour
  5434 | D:7      | Bought an amulet of regeneration for 390 gold pieces
  5467 | D:8      | Found a sacrificial altar of Ru.
  5554 | D:8      | Reached skill level 14 in Polearms
  6098 | D:9      | Found Kioga's Weapon Emporium.
  6286 | D:9      | Noticed a gargoyle
  6298 | D:9      | Killed a gargoyle
  6299 | D:9      | Reached skill level 15 in Polearms
  6361 | D:9      | Reached XP level 11. HP: 76/97 MP: 11/11
  6478 | D:9      | Noticed a boulder beetle
  6497 | D:9      | Killed a boulder beetle
  6501 | D:9      | Noticed a boulder beetle
  6510 | D:9      | Killed a boulder beetle
  6683 | D:9      | Noticed Harold
  6701 | D:9      | Killed Harold
  6702 | D:9      | Reached skill level 16 in Polearms
  6866 | D:9      | a basilisk changed into a cyclops
  6866 | D:9      | Noticed a cyclops (shapeshifter)
  6871 | D:9      | Killed a cyclops
  6947 | D:9      | Noticed a centaur warrior
  6955 | D:9      | Killed a centaur warrior
  7095 | D:10     | Entered Level 10 of the Dungeon
  7196 | D:10     | Found a staircase to the Lair.
  7314 | D:10     | Noticed Joseph
  7333 | D:10     | Killed Joseph
  7402 | D:10     | Noticed a centaur warrior
  7403 | D:10     | Noticed a boulder beetle
  7405 | D:10     | Noticed a cyclops
  7413 | D:10     | Killed a centaur warrior
  7414 | D:10     | Reached skill level 17 in Polearms
  7417 | D:10     | Killed a boulder beetle
  7421 | D:10     | Killed a cyclops
  7422 | D:10     | Reached XP level 12. HP: 103/108 MP: 10/12
  7433 | D:10     | Identified the +6 spear of Insufficient Pleasure {flame,
                  | Int+2 SInv}
  7554 | D:10     | Noticed a two-headed ogre
  7568 | D:10     | Killed a two-headed ogre
  7730 | D:10     | Reached skill level 15 in Fighting
  7782 | D:10     | Noticed Grum
  7940 | D:10     | Killed Grum
  8037 | D:10     | Found a staircase to the Orcish Mines.
  8409 | D:10     | Found Zeaghup's Antique Weapon Shop.
  8488 | D:11     | Reached skill level 18 in Polearms
  9048 | D:11     | Noticed a boulder beetle
  9086 | D:11     | Killed a boulder beetle
  9467 | Orc:1    | Entered Level 1 of the Orcish Mines
  9922 | Orc:2    | Entered Level 2 of the Orcish Mines
 10202 | Orc:2    | Reached skill level 19 in Polearms
 10975 | Orc:1    | Found Rucvilep's Armour Shop.
 10981 | Orc:1    | Bought a +0 hat of willpower for 121 gold pieces
 11340 | Orc:2    | Reached skill level 1 in Shapeshifting
 11408 | Orc:2    | Reached XP level 13. HP: 101/119 MP: 13/13
 11477 | Orc:2    | Found Nydeb's Weapon Shop.
 11555 | Orc:2    | Found Caalo's Jewellery Boutique.
 11587 | Orc:2    | Reached skill level 5 in Shapeshifting
 11588 | Orc:2    | Noticed an ettin
 11637 | Orc:2    | Killed an ettin
 12363 | Orc:2    | Noticed an orc warlord
 12424 | Orc:2    | Found Getelo Omax's Antique Armour Emporium.
 12457 | Orc:2    | Bought a bloodstained kite shield for 323 gold pieces
 12457 | Orc:2    | Identified the +1 kite shield "Ycwia" {Str+3} (You bought
                  | it in a shop on level 2 of the Orcish Mines)
 12643 | Orc:2    | Noticed an orc warlord
 12666 | Orc:2    | Killed an orc warlord
 12694 | Orc:2    | Noticed an orc warlord
 12722 | Orc:2    | Killed an orc warlord
 12847 | Orc:2    | Reached skill level 10 in Shapeshifting
 12878 | Orc:2    | Noticed an orc warlord
 13119 | Orc:2    | Found a staircase to the Elven Halls.
 13253 | Orc:2    | Identified the +2 leather armour of Nilof {-Tele Harm rCorr
                  | Slay+3}
 13348 | Orc:2    | Killed an orc warlord
 13750 | Orc:2    | an orc warlord changed into a black draconian
 13750 | Orc:2    | Noticed a black draconian
 13772 | Orc:2    | Killed a black draconian
 14161 | Orc:2    | Reached XP level 14. HP: 89/126 MP: 0/14
 14320 | Orc:2    | Found Asivuoqumu's Jewellery Shop.
 14489 | Lair:1   | Entered Level 1 of the Lair of Beasts
 14561 | Lair:1   | Noticed Maggie
 14587 | Lair:1   | Noticed Amaemon
 14647 | Lair:1   | Killed Amaemon
 14979 | Lair:1   | Noticed Sonja
 14981 | Lair:1   | Sonja changed into Sonja the dart slug
 14981 | Lair:1   | Noticed Sonja
 14984 | Lair:1   | Killed Sonja the dart slug
 14996 | Lair:1   | Killed Maggie
 15112 | Lair:1   | Identified the +0 leather armour "Sahet" {Str+6 Dex-2}
 15263 | Lair:1   | Reached skill level 15 in Shapeshifting
 15813 | Lair:1   | Reached skill level 1 in Dodging
 16004 | Orc:2    | Bought a granite talisman for 900 gold pieces
 16732 | Lair:2   | Reached skill level 5 in Shields
 16739 | Lair:2   | Reached skill level 5 in Dodging
 16964 | Lair:2   | Found a staircase to the Snake Pit.
 17070 | Lair:2   | Reached XP level 15. HP: 132/132 MP: 15/15
 17098 | Lair:2   | Found a staircase to the Shoals.
 17919 | Lair:3   | Identified the +8 shortbow "Urhosyng" {drain, rElec}
 18700 | Lair:4   | Identified the +7 mace of Tenacity {antimagic, rElec}
 19117 | Lair:5   | Entered Level 5 of the Lair of Beasts
 19352 | Lair:5   | Reached skill level 10 in Dodging
 19990 | Lair:5   | Found a staircase to the Slime Pits.
 20545 | Snake:1  | Entered Level 1 of the Snake Pit
 20608 | Snake:1  | Found Betoask's Antique Armour Boutique.
 20646 | Snake:1  | Reached skill level 10 in Shields
 20728 | Snake:1  | Reached XP level 16. HP: 139/139 MP: 16/16
 20819 | Snake:1  | Acquired the +9 demon trident of Tiocw {freeze, Str+3}
 20980 | Snake:1  | Noticed Asterion
 20988 | Snake:1  | Killed Asterion
 21565 | Snake:2  | Reached skill level 15 in Dodging
 22012 | Snake:2  | Identified the +8 chain mail of the Wilderness {rElec rC++
                  | Dex-3}
 22154 | Snake:3  | Found a burning altar of Makhleb.
 22158 | Snake:3  | Noticed a nagaraja
 22163 | Snake:3  | Killed a nagaraja
 22352 | Snake:3  | Noticed a nagaraja
 22356 | Snake:3  | Killed a nagaraja
 22635 | Snake:4  | Entered Level 4 of the Snake Pit
 22855 | Snake:4  | Reached XP level 17. HP: 145/145 MP: 17/17
 23578 | Snake:4  | Noticed Vashnia
 23587 | Snake:4  | Killed Vashnia
 23722 | Snake:4  | Got a serpentine rune of Zot
 23901 | Shoals:1 | Entered Level 1 of the Shoals
 24072 | Shoals:1 | Found Zog Byq's Book Shoppe.
 24334 | Shoals:1 | Identified the +5 battleaxe "Beetleslayer" {venom, +Blink
                  | Stlth+}
 24934 | Shoals:2 | Found a glowing golden altar of the Shining One.
 25317 | Shoals:3 | Reached XP level 18. HP: 153/153 MP: 18/18
 25348 | Shoals:3 | Reached XP level 19. HP: 159/159 MP: 19/19
 26066 | Shoals:4 | Entered Level 4 of the Shoals
 26090 | Shoals:4 | Found Voupyg's Jewellery Emporium.
 26222 | Shoals:4 | Found a runed translucent gate.
 26223 | Shoals:4 | Found a runed translucent gate.
 26224 | Shoals:4 | Found a runed translucent gate.
 26290 | Shoals:4 | Identified the +10 spear of Fuetye {venom, rElec rPois rF+}
 26636 | Shoals:4 | Identified the +1 quarterstaff of Non Obstante Veredicto
                  | {heavy, rPois rN+ Stlth+}
 26901 | Shoals:4 | Got a barnacled rune of Zot
 27326 | Elf:1    | Entered Level 1 of the Elven Halls
 27326 | Elf:1    | Noticed Zenata
 27378 | Orc:2    | Killed Zenata
 27571 | Elf:1    | Paralysed by an air elemental for 1 turns
 27581 | Elf:1    | Identified the +1 robe of Complete Protection {Dex+2}
 27740 | Elf:1    | Reached skill level 20 in Polearms
 27751 | Elf:1    | Found a shimmering blue altar of Sif Muna.
 28131 | Elf:1    | Identified the ring "Hiledoh" {Fire rCorr}
 28505 | Elf:2    | Found a runed translucent gate.
 28505 | Elf:2    | Found a runed translucent gate.
 28505 | Elf:2    | Found a runed translucent gate.
 28535 | Elf:3    | Entered Level 3 of the Elven Halls
 28535 | Elf:3    | Identified the serpent talisman of Gravitas {rC+ Dex+3}
 28535 | Elf:3    | Noticed Aizul
 28541 | Elf:3    | Killed Aizul
 28542 | Elf:3    | Reached XP level 20. HP: 170/170 MP: 20/20
 28599 | Elf:3    | Found Ciewk's Jewellery Shop.
 28604 | Elf:3    | Found Ubaeg's Antique Weapon Shop.
 28617 | Elf:3    | Bought the ring of False Pretenses {+Blink rC+ rCorr Dex+3
                  | SInv} for 991 gold pieces
 28629 | Elf:3    | Noticed Nikola
 28641 | Elf:3    | Killed Nikola
 28843 | Elf:3    | Reached skill level 21 in Polearms
 28973 | Elf:3    | Identified the +0 plate armour of Fashionability {Dex+6}
 28973 | Elf:3    | Identified the ring "Leumpir" {Fly rC- Will+ Int+3 Dex+5}
 29028 | Elf:3    | Noticed Norris
 29050 | Elf:3    | Killed Norris
 29514 | Elf:3    | Identified the +4 glaive "Fasomn" {pain, *Noise rElec rN+}
 29519 | Elf:3    | Reached skill level 22 in Polearms
 29550 | Elf:3    | Identified the +1 short sword of Exoneration {flame,
                  | ^Contam rPois rC+ Will+}
 29551 | Elf:3    | Identified the +1 hand axe "Haicaps" {freeze, rC+ rN+ MP-9
                  | Stlth+}
 29558 | Elf:3    | Identified the +1 glaive "Qakkeh" {freeze, Int+2}
 29561 | Elf:3    | Identified the staff of the Carved God {^Fragile rC+ rCorr
                  | Dex+3 SInv Ice}
 29568 | Elf:3    | Identified the +2 shortbow of the Firefly {flame, rElec
                  | rCorr Dex+7 Stlth-}
 30175 | D:12     | Found a white marble altar of Elyvilon.
 30864 | D:13     | Found a runed translucent door.
 30865 | D:13     | Found a shimmering altar of Xom.
 30865 | D:13     | Noticed Haresteo's ghost (journeyman TrSh)
 31057 | D:13     | Noticed Frances
 31063 | D:13     | Killed Frances
 31513 | D:13     | Paralysed by a sphinx for 3 turns
 31670 | D:13     | Identified the +3 dire flail "Faretost" {freeze, rC+ rCorr}
 31980 | D:14     | Identified the +3 short sword "Koudd" {spect, rPois rF+
                  | Int-3 Stlth+}
 32001 | D:14     | Paralysed by a sphinx for 3 turns
 32013 | D:14     | Reached skill level 23 in Polearms
 32058 | D:14     | Reached XP level 21. HP: 182/182 MP: 21/21
 32240 | D:14     | Found a frozen archway.
 32624 | D:14     | Found a gate to the Vaults.
 32941 | D:15     | Entered Level 15 of the Dungeon
 33066 | Vaults:1 | Entered Level 1 of the Vaults
 33112 | Vaults:1 | Noticed Donald
 33140 | Vaults:1 | Killed Donald
 33172 | Vaults:1 | Reached skill level 24 in Polearms
 33596 | Vaults:1 | Found Sackin's Distillery.
 33600 | Vaults:1 | Bought a potion of cancellation for 96 gold pieces
 33600 | Vaults:1 | Bought a potion of heal wounds for 60 gold pieces
 33600 | Vaults:1 | Bought a potion of heal wounds for 60 gold pieces
 33600 | Vaults:1 | Bought a potion of haste for 120 gold pieces
 34726 | Vaults:2 | Reached skill level 25 in Polearms
 35369 | Vaults:2 | Reached XP level 22. HP: 195/195 MP: 22/22
 35502 | Vaults:2 | Identified the +0 robe of a Labyrinth {rElec rPois Int+5}
 35813 | Vaults:2 | Identified the +7 plate armour of Poor Excuses {rC- rCorr
                  | SInv Stlth+}
 36272 | Vaults:3 | Reached skill level 26 in Polearms
 36776 | Vaults:3 | Found Ruinee Faeng's Antique Weapon Emporium.
 36809 | Vaults:3 | Identified the +5 hand axe of Responsibility {venom, *Noise
                  | Str+4 Dex+4}
 37283 | Vaults:3 | Found a staircase to the Crypt.
 38268 | Vaults:4 | Reached XP level 23. HP: 205/205 MP: 23/23
 38348 | Vaults:4 | Noticed an ancient lich
 38348 | Vaults:4 | Noticed a golden dragon
 38362 | Vaults:4 | Killed an ancient lich
 38365 | Vaults:4 | Killed a golden dragon
 38707 | Vaults:5 | Entered Level 5 of the Vaults
 38731 | Vaults:5 | Noticed an ancient lich
 38759 | Vaults:5 | Noticed an ancient lich
 38788 | Vaults:5 | Killed an ancient lich
 38814 | Vaults:5 | Noticed Bai Suzhen
 38833 | Vaults:5 | Killed Bai Suzhen
 38876 | Vaults:5 | Noticed an ancient lich
 38887 | Vaults:5 | Killed an ancient lich
 39019 | Vaults:5 | Identified the staff of Haf Lev {rElec rF+ Dex+3 Tmut Fire}
 39216 | Vaults:5 | Identified the staff of Subjectivity {rElec rC+ Int-4 Dex+6
                  | Ice}
 39225 | Vaults:5 | Identified the +0 spear of Desertification {heavy, rElec
                  | rF+ Str+2 Dex-4}
 39235 | Vaults:5 | Identified the +6 scale mail of the Sacrificial Victim
                  | {Str+3 SInv}
 39309 | Vaults:5 | Identified the +7 glaive of the Mind {elec, rC++ Str+2
                  | Int+3}
 39393 | Vaults:5 | Got a silver rune of Zot
 39406 | Vaults:5 | Reached skill level 15 in Shields
 39727 | Vaults:5 | Found Jahehyq's Assorted Antiques.
 39736 | Vaults:5 | Identified the +2 leather armour of Cihabbus {Dex+4}
 39743 | Vaults:5 | Identified the ring "Defut" {Ice Will+ Str+4 Dex+4}
 40174 | D:15     | Noticed Louise
 40186 | D:15     | Killed Louise
 40583 | D:15     | Found a radiant altar of Vehumet.
 40817 | D:15     | Found a staircase to the Depths.
 40828 | Depths:1 | Entered Level 1 of the Depths
 40831 | Depths:1 | Found a one-way gate to the infinite horrors of the Abyss.
 40851 | D:15     | Reached XP level 24. HP: 182/212 MP: 23/23
 41360 | Depths:2 | Found Qighamao's Magic Scroll Boutique.
 41364 | Depths:2 | Bought a scroll of butterflies for 72 gold pieces
 41364 | Depths:2 | Bought a scroll of butterflies for 72 gold pieces
 41364 | Depths:2 | Bought a scroll of butterflies for 72 gold pieces
 41407 | Depths:2 | Found a gateway to Hell.
 41417 | Depths:2 | Noticed Sojobo
 41462 | Depths:2 | Paralysed by an air elemental for 1 turns
 41473 | Depths:2 | Killed Sojobo
 41805 | Depths:2 | Paralysed by an air elemental for 1 turns
 41812 | Depths:2 | Paralysed by an air elemental for 1 turns
 41904 | Depths:2 | Found a glowing silver altar of Zin.
 41942 | Depths:2 | Found a one-way gate leading to the halls of Pandemonium.
 42246 | Depths:3 | Found a shadowy altar of Dithmenos.
 42500 | Depths:3 | Found a one-way gateway to a ziggurat.
 42627 | Depths:4 | Entered Level 4 of the Depths
 42973 | Depths:4 | Upgraded the game from 0.31-a0-1237-gabc64e7 to
                  | 0.31-a0-1238-g0d9d05a
 43015 | Depths:4 | Found a gate to the Realm of Zot.
 43086 | Zot:1    | Entered Level 1 of the Realm of Zot
 43126 | Zot:1    | Reached XP level 25. HP: 206/219 MP: 23/23
 43425 | Zot:2    | Noticed an orb of fire
 43430 | Zot:2    | Gained mutation: Your body sometimes deteriorates upon
                  | taking damage. [an orb of fire]
 43438 | Zot:2    | Gained mutation: Your health recovers twice as slowly from
                  | being drained. [an orb of fire]
 43451 | Zot:2    | Gained mutation: You are vulnerable to cold. (rC-) [an orb
                  | of fire]
 43454 | Zot:2    | Killed an orb of fire
 43510 | Zot:3    | Lost mutation: You are vulnerable to cold. (rC-) [potion of
                  | mutation]
 43510 | Zot:3    | Lost mutation: Your health recovers twice as slowly from
                  | being drained. [potion of mutation]
 43510 | Zot:3    | Lost mutation: Your body sometimes deteriorates upon taking
                  | damage. [potion of mutation]
 43510 | Zot:3    | Gained mutation: You have a somewhat thin skeletal
                  | structure. (Dex +2, Stealth+) [potion of mutation]
 43510 | Zot:3    | Gained mutation: You possess an exceptional clarity of
                  | mind. [potion of mutation]
 43610 | Zot:3    | Noticed an orb of fire
 43626 | Zot:3    | Gained mutation: Your body sometimes deteriorates upon
                  | taking damage. [an orb of fire]
 43633 | Zot:3    | Killed an orb of fire
 43701 | Zot:5    | Entered Level 5 of the Realm of Zot
 44064 | Zot:5    | Found a runed translucent gate.
 44065 | Zot:5    | Found a runed translucent gate.
 44065 | Zot:5    | Found a runed translucent gate.
 44065 | Zot:5    | Noticed wqsa789's ghost (legendary HOFi)
 44184 | Zot:5    | Noticed an ancient lich
 44191 | Zot:5    | Killed an ancient lich
 44195 | Zot:5    | Noticed a Killer Klown
 44210 | Zot:5    | Noticed an ancient lich
 44224 | Zot:5    | Killed a Killer Klown
 44236 | Zot:5    | Noticed an orb of fire
 44274 | Zot:5    | Noticed a Killer Klown
 44332 | Zot:5    | Noticed an orb of fire
 44334 | Zot:5    | Noticed a dread lich
 44337 | Zot:5    | Got the Orb of Zot
 44346 | Zot:5    | Noticed Anull the pandemonium lord
 44346 | Zot:5    | Killed a dread lich
 44348 | Zot:5    | Killed a Killer Klown
 44613 | Depths:1 | Noticed Rolosh the pandemonium lord
 44887 | D:5      | Noticed Irhonaiff the pandemonium lord
 44893 | D:5      | Killed Irhonaiff the pandemonium lord
 45007 | D:$      | Escaped with the Orb!

Illustrated notes

Levels and vault maps discovered:
D:1:      minmay_arrival_wavy_path, layout_basic, serial_shops,
          nicolae_shop_crystal, shapermc_ecumenical_altar_rom_forum,
          minmay_liquid_box
D:2:      layout_loops_ring, serial_bayou_pond_b, uniq_terence, uniq_jessica
D:3:      layout_loops_ring, nicolae_overflow_hallway_of_the_gods, uniq_sigmund,
          uniq_robin
D:4:      layout_loops_ring
D:5:      layout_basic, lemuel_crystal_altar
D:6:      layout_basic
D:7:      layout_rooms, minmay_temple_entry_overgrown,
          chequers_ossuary_entry_cave, nicolae_shop_sticking_my_neck_out
D:8:      layout_layer_cave, enter_bailey_7, hangedman_feature_mirror
D:9:      layout_rooms, serial_shops, nicolae_square_shop, serial_undead,
          serial_undead_a, serial_undead_e, serial_undead_b, serial_undead_a,
          minmay_shattered_shrine, uniq_harold
D:10:     layout_cave_pods, erik_lair_orcish_takeover, erik_orc_2, serial_shops,
          nicolae_shop_tiny_glass, minmay_radiant, uniq_grum, uniq_joseph
D:11:     layout_roguey [special_room_orc]
D:12:     layout_loops_corners, elyvilon_altar_3
D:13:     minmay_the_grid_3x3 [minmay_the_grid_plusring, minmay_the_grid_doors,
          minmay_the_grid_box_x, minmay_the_grid_slots,
          minmay_the_grid_all_tris, minmay_the_grid_x, minmay_the_grid_embedded,
          minmay_the_grid_holed_spiral, minmay_the_grid_prize_diamond_cup],
          layout_irregular_city, ebering_ghost_xom, uniq_frances
D:14:     minmay_heptahexagon, layout_loops_ring, ximxim_vaults_locker_room,
          portal_ice_cave_entry_ice_statue_two
D:15:     gammafunk_enter_depths_forms, layout_basic, st_stairs_12,
          vehumet_altar_wand_db, uniq_louise
Temple:   nicolae_temple_two_arcs
Lair:1:   layout_long_grid, nicolae_lair_lakeside_cave, grunt_megastairs_5,
          serial_bayou_shore_b, uniq_amaemon, uniq_sonja, uniq_maggie
Lair:2:   layout_gridlike, mainiacjoe_shoals_entry_four_pools,
          nicolae_snake_entry_squirm, serial_bayou_ford_a
Lair:3:   layout_regular_city, serial_bayou_pond_c, lemuel_fruit_fields
Lair:4:   layout_roguey, kilobyte_rumbling_trees, infiniplex_staircase_pool
Lair:5:   guppyfry_lair_end_dragon, layout_cave_pods,
          hangedman_lair_tendril_chambers, slime_entry_1, serial_bayou_pond_e,
          chequers_serial_rivers_micro_e, lemuel_fruit_fields,
          serial_bayou_shore_b
Shoals:1: layout_shoals, serial_shops, nicolae_shop_hallway_plus
Shoals:2: layout_shoals, lemuel_centaur_altar
Shoals:3: layout_shoals, nicolae_shoals_the_drawing_of_the_three
Shoals:4: shoals_end_hangedman, layout_shoals, serial_shops,
          nicolae_diamond_shop, nicolae_shoals_beach_cooler
Snake:1:  layout_grid_maze, serial_shops, shop, uniq_asterion
Snake:2:  layout_onion_interference
Snake:3:  nicolae_snakescales, layout_rooms, basic_altar
Snake:4:  johnstein_snake_rune_scales, layout_basic,
          nicolae_twisty_statue_hallways
Orc:1:    layout_caves, serial_shops, nicolae_square_shop,
          nicolae_orc_lava_tube, david_defended_altar_orc
Orc:2:    pubby_orc_utopia
Elf:1:    layout_gridlike, basic_altar, kennysheep_underground_church,
          uniq_zenata
Elf:2:    elven_hall_of_blades_hangedman_original
          [nicolae_blade_entry_sentries_behind_glass], layout_loops_ring,
          serial_shops, nicolae_shop_industrial_runoff, st_stairs_8
Elf:3:    minmay_elf_hall_curves, layout_gridlike, minmay_shop_star,
          uniq_nikola, uniq_norris, uniq_aizul
Vaults:1: nicolae_vaults_quartermaster, vaults_standard_mumra_x,
          nicolae_vaults_mitosis, v_pattern_2,
          nicolae_vaults_doubleplus_tesselated, nicolae_vaults_network_s,
          nicolae_vaults_two_Ls, nicolae_vaults_sesquioval_fish,
          nicolae_vaults_asterisk, vaults_room_pools,
          nicolae_vaults_tetromino_Z_1, nicolae_vaults_double_plus_1,
          nicolae_vaults_tetromino_L_2, layout_vaults_chaotic_city,
          serial_shops, shop, uniq_donald
Vaults:2: nicolae_vaults_sesquioval_fish, nicolae_vaults_puzzle_piece,
          nicolae_vaults_trapezoid_lopsided_1, nicolae_vaults_closet_pinwheel_5,
          hangedman_vaults_stagger, nicolae_vaults_ninety_degrees,
          ontoclasm_vaults_shuriken, v_misc_13, hangedman_vaults_impose,
          ontoclasm_vaults_bender, nicolae_vaults_trapezoid_layered,
          ontoclasm_vaults_gateway, hangedman_vaults_stretched_pinwheel,
          serial_library_hellmonk_semicircle, layout_vaults_omnibox
Vaults:3: hangedman_vaults_variations, grunt_vaults_twisty,
          minmay_crypt_entry_simple_box, nicolae_vaults_ring_of_whatevers,
          v_rooms_4, nicolae_vaults_sealed_display, grunt_vaults_focal,
          nicolae_vaults_little_squares_3, v_misc_19, vaults_room_grid,
          nicolae_vaults_cornered_office, hangedman_vaults_trim,
          layout_vaults_ring, serial_shops, shop
Vaults:4: ontoclasm_vaults_chip, nicolae_vaults_layer_cake_slice,
          st_quartered_hall, dpeg_vaults_monster_box,
          nicolae_vaults_tetromino_Z_1, nicolae_vaults_trapezoid_3, v_misc_32,
          layout_vaults_omnigrid
Vaults:5: uniq_bai_suzhen, uniq_margery
Depths:1: layout_cave_shapes, abyss_entry, pf_hell_entry_tar_spiral,
          minmay_misc_feat_secret_circle, hangedman_decor_growths,
          evilmike_minifort
Depths:2: nicolae_BIG_FREAKIN_CUBE, layout_cave_pools, zin_angel, serial_shops,
          nicolae_shop_hallway_stairs, grunt_metal_band,
          grunt_pan_entry_sceptre, dreamdust_looks_like_rain, uniq_sojobo
Depths:3: minmay_connected_boxes_in_corner, layout_honeycomb, enter_ziggurat_c,
          abyss_entry, grunt_hell_entry_dis_grunt, kennysheep_decorative_pillar,
          rand_demon_pan_entry_3, nicolae_dithmenos_shadow_blocks,
          serial_bayou_shore_b, minmay_staircase_windowed_small
Depths:4: grunt_crosshair, layout_basic, grunt_decor_arrowhead, pf_coc_iceberg,
          guppyfry_shop_venom
Zot:1:    gammafunk_sealed_library, layout_misc_corridors,
          regret_index_zotdec_carving_tricks
Zot:2:    layout_gridville, regret_index_zotdec_twisting_globes,
          skrybe_zot_glass_1
Zot:3:    layout_misc_corridors
Zot:4:    layout_basic
Zot:5:    layout_gridlike, ebering_ghost_rock_garden, lemuel_baited_zot_trap

Skill      XL: |  1  2  3  4  5  6  7  8  9 10 11 12 13 14 15 16 17 18 19 20 21 22 23 24 25 |
---------------+----------------------------------------------------------------------------+-----
Polearms       | 3 4 5 6 7 9 11 13 15 17 19 20 23 25 26 | 26.4
Fighting       | 4 5 6 7 9 10 12 14 16 17 19 21 22 | 22.7
Shapeshifting  | 1 13 16 19 23 25 | 25.0
Dodging        | 6 12 15 16 18 20 22 | 22.4
Shields        | 6 10 12 15 18 21 | 21.0
Armour         | |  2.1

Action                     |  1- 3 |  4- 6 |  7- 9 | 10-12 | 13-15 | 16-18 | 19-21 | 22-24 | 25-27 || total
---------------------------+-------+-------+-------+-------+-------+-------+-------+-------+-------++-------
  Melee: Trident           |   111 |   126 |       |   151 |  1520 |    11 |       |       |       ||  1919
         Tailslap          |       |     1 |       |     3 |    20 |     3 |     6 |       |       ||    33
         Halberd           |       |    69 |   302 |   261 |       |       |       |       |       ||   632
         Unarmed           |       |     4 |       |       |       |       |       |       |       ||     4
         Spear             |       |       |       |   298 |       |       |       |       |       ||   298
         Demon trident     |       |       |       |       |       |   586 |   626 |       |       ||  1212
         Trishula          |       |       |       |       |       |       |   882 |  1505 |   302 ||  2689
  Throw: Throwing net      |       |       |       |     2 |     1 |       |       |       |       ||     3
 Invoke: Call Merchant     |       |       |       |     2 |     3 |       |       |       |       ||     5
         Potion Petition   |       |       |       |       |     4 |       |       |       |       ||     4
         Bribe Branch      |       |       |       |       |       |       |       |     1 |     3 ||     4
  Evoke: Wand              |       |     2 |       |     5 |    10 |       |       |       |       ||    17
    Use: Scroll            |     1 |     3 |     8 |    14 |    16 |     5 |    16 |     8 |     9 ||    80
         Potion            |       |     2 |       |     8 |     2 |     1 |     2 |     4 |     5 ||    24
   Stab: Sleeping          |       |     5 |       |     1 |       |     2 |     3 |     5 |     2 ||    18
         Distracted        |       |     1 |       |     9 |    13 |     5 |    15 |    18 |     1 ||    62
         Held in net/web   |       |       |       |     2 |     2 |       |       |       |       ||     4
         Fleeing           |       |       |       |     1 |       |       |       |       |       ||     1
         Invisible         |       |       |       |     6 |     1 |       |       |       |       ||     7
         Petrified         |       |       |       |       |       |       |     5 |       |       ||     5
         Petrifying        |       |       |       |       |       |       |     1 |       |       ||     1
 Armour: Scale mail        |    65 |     4 |       |       |       |       |       |       |       ||    69
         Robe              |       |    45 |   128 |    86 |       |       |       |       |       ||   259
         Skin              |       |    43 |       |       |   537 |   314 |   897 |   674 |    99 ||  2564
         Chain mail        |       |       |       |    21 |       |       |       |       |       ||    21
         Ring mail         |       |       |       |   184 |   331 |       |       |       |       ||   515
  Dodge: Dodged            |    45 |    71 |   135 |   157 |   705 |   407 |   820 |   658 |    89 ||  3087
  Block: Buckler           |    25 |    18 |       |    56 |   399 |   196 |   491 |       |       ||  1185
         Tower shield      |       |       |       |       |       |       |   538 |  2461 |   372 ||  3371
   Form: Statue            |       |       |       |       |     1 |       |       |       |       ||     1

Table legend: (Time is in decaauts)
 A = Elapsed time spent in this place.
 B = Non-inter-level travel time spent in this place.
 C = Inter-level travel time spent in this place.
 D = Time resting spent in this place.
 E = Time spent auto-exploring this place.
 F = Levels seen in this place.
 G = Mean time per level.
                   A        B        C        D        E       F      G
               +--------+--------+--------+--------+--------+-----+--------+
         Total |  55362 |  50186 |   5176 |   1210 |  36737 |  50 | 1107.2 |
       Dungeon |  15669 |  13677 |   1992 |    519 |  10175 |  15 | 1044.6 |
        Temple |     18 |      3 |     15 |      0 |      0 |   1 |   18.0 |
          Lair |   7469 |   6904 |    565 |     72 |   5261 |   5 | 1493.8 |
        Shoals |   3623 |   3152 |    471 |      3 |   2424 |   4 |  905.8 |
     Snake Pit |   4704 |   4444 |    260 |     48 |   3389 |   4 | 1176.0 |
  Orcish Mines |   5188 |   4545 |    643 |    210 |   3387 |   2 | 2594.0 |
   Elven Halls |   3343 |   3121 |    222 |     22 |   2301 |   3 | 1114.3 |
        Vaults |  10136 |   9724 |    412 |    238 |   7152 |   5 | 2027.2 |
        Depths |   2789 |   2626 |    163 |      0 |   1560 |   4 |  697.2 |
           Zot |   1911 |   1482 |    429 |     96 |    825 |   5 |  382.2 |
       Ossuary |    169 |    169 |      0 |      0 |     76 |   1 |  169.0 |
        Bailey |    339 |    339 |      0 |      0 |    183 |   1 |  339.0 |
               +--------+--------+--------+--------+--------+-----+--------+

Top non-repeatable levels by time:
   Orc:2: 3734 daAuts
Vaults:1: 2237 daAuts
Vaults:3: 2163 daAuts
Vaults:4: 1977 daAuts
  Lair:1: 1964 daAuts
Vaults:2: 1908 daAuts
Vaults:5: 1850 daAuts
  Lair:5: 1743 daAuts
    D:15: 1698 daAuts
   Elf:3: 1673 daAuts
    D:14: 1670 daAuts
    D:10: 1660 daAuts
  Lair:2: 1567 daAuts
 Snake:4: 1552 daAuts
   Orc:1: 1454 daAuts
